Map: 凯罗斯中转站-天梯版

Players

Lobo

  • Race: Protoss Protoss

MaNa - Winner!

  • Race: Protoss Protoss
  • League: Master

Event: WESG 2018 Grand Finals

VOD

Have the link to the VOD?

Description

Time

  • Played on: March 11, 2019, 3:14 a.m.
  • Length: 4:27

All games in this series

Show
View Real Time Build Order
Export as new Build Order

Lobo Protoss 

Build Orders:  

Get SALT Encoding   

  12  0:00  Probe  
  13  0:12  Probe  
  14  0:18  Pylon  
  14  0:24  Probe  
  15  0:34  Probe  
  15  0:39  Gateway  
  15  0:42  Probe  
  16  0:49  Assimilator  
  17  0:51  Probe  
  18  0:58  Assimilator  
  18  1:03  Probe  
  19  1:10  Gateway  
  19  1:12  Probe  
  20  1:20  Probe  
  21  1:27  Cybernetics Core  
  21  1:29  Probe  
  22  1:35  Pylon  
  22  1:42  Probe  
  23  1:51  Warp Gate  
  23  2:00  Probe  
  24  2:05  Adept x2  
  28  2:16  Pylon  
  28  2:36  Gateway  
  28  2:37  Gateway  
  28  2:39  Adept x2  
  32  2:56  Shield Battery  
  32  3:06  Shield Battery  
  32  3:09  Adept x2  
  32  3:12  Pylon  
  36  3:18  Pylon  
  36  3:21  Shield Battery  
  35  3:42  Stalker x2  
  35  3:48  Stalker  
  41  3:51  Stalker  
  32  4:20  Stalker x3  
  32  4:21  Adept  
Show
View Real Time Build Order
Export as new Build Order

MaNa Protoss - Winner!

Build Orders:  

Get SALT Encoding   

  12  0:00  Probe  
  13  0:12  Probe  
  14  0:17  Pylon  
  14  0:24  Probe  
  15  0:32  Probe  
  15  0:37  Gateway  
  15  0:40  Probe  
  16  0:47  Assimilator  
  17  0:50  Probe  
  17  0:55  Assimilator  
  18  0:58  Probe  
  19  1:06  Probe  
  19  1:07  Gateway  
  20  1:17  Probe  
  21  1:26  Cybernetics Core  
  21  1:29  Probe  
  22  1:35  Pylon  
  22  1:41  Probe  
  23  1:53  Probe  
  24  2:02  Adept x2  
  24  2:04  Warp Gate  
  24  2:06  Probe  
  29  2:16  Pylon  
  29  2:32  Stalker  
  29  2:34  Stalker  
  33  2:41  Robotics Facility  
  33  2:51  Probe  
  33  2:57  Shield Battery  
  33  3:03  Stalker  
  33  3:04  Stalker  
  37  3:16  Pylon  
  37  3:17  Probe  
  38  3:24  Immortal  
  38  3:40  Shield Battery  
  42  3:51  Stalker  
  42  3:52  Stalker  
Tags
 
Add a new tag
Caveats
  • Supply blocks, unpowered buildings, or Contaminate may cause inaccurate times.
  • Supply counts are checked every 10 seconds.